Map: Dreamcatcher LE

Players

GOStephano (Stephano) - Winner!

  • Race: Zerg Zerg
  • Spawn Location: 5:00

Bioice

  • Race: Zerg Zerg
  • Spawn Location: 11:00

Event: WCS Austin 2018

VOD

Have the link to the VOD?

Description

Time

  • Played on: June 1, 2018, 8:17 p.m.
  • Length: 11:09

All games in this series

Show
View Real Time Build Order
Export as new Build Order

GOStephano Zerg - Winner!

Build Orders: Hatch First 

Get SALT Encoding   

  12  0:00  Drone  
  13  0:13  Overlord  
  13  0:17  Drone  
  14  0:31  Drone x2  
  16  0:48  Hatchery  
  15  0:51  Drone  
  15  0:55  Drone  
  17  0:58  Drone  
  18  1:08  Extractor  
  17  1:13  Spawning Pool  
  17  1:17  Drone  
  17  1:20  Drone  
  18  1:28  Drone  
  19  1:54  Drone  
  19  1:59  Evolution Chamber  
  19  2:00  Queen  
  19  2:01  Queen, Zergling x2  
  23  2:02  Zergling x4  
  26  2:11  Overlord  
  26  2:16  Drone  
  28  2:22  Drone  
  28  2:29  Zerg Ground Armor Level 1  
  28  2:31  Drone  
  28  2:33  Drone  
  30  2:40  Queen  
  32  2:44  Drone  
  32  2:49  Overlord  
  33  2:54  Drone  
  34  3:07  Drone x2  
  34  3:10  Drone x2  
  39  3:12  Drone  
  39  3:13  Drone, Metabolic Boost  
  40  3:22  Drone  
  40  3:23  Drone, Zergling x2  
  40  3:24  Zergling x2  
  44  3:28  Spine Crawler  
  44  3:32  Zergling x4  
  42  3:39  Zergling x4  
  44  3:45  Overlord, Zergling x2  
  44  3:53  Evolution Chamber  
  42  3:56  Evolution Chamber  
  42  3:57  Evolution Chamber  
  40  4:06  Drone x5  
  45  4:14  Extractor  
  44  4:22  Roach Warren  
  44  4:25  Zergling x2  
  44  4:26  Zergling x10  
  50  4:38  Zergling x4  
  48  4:48  Zergling x8  
  52  4:54  Zerg Missile Weapons Level 1  
  52  4:59  Hatchery  
  51  5:07  Zergling x2  
  51  5:08  Overlord  
  51  5:13  Overlord  
  50  5:22  Zergling x2  
  50  5:23  Zergling x2  
  50  5:25  Overlord  
  50  5:32  Drone x6  
  50  5:33  Lair  
  56  5:41  Overlord  
  56  5:44  Drone  
  56  5:47  Hatchery  
  56  5:54  Roach Warren  
  56  5:56  Zergling x12  
  60  6:02  Queen  
  61  6:23  Zergling x8  
  61  6:24  Zergling x12  
  71  6:37  Queen  
  71  6:40  Roach x2  
  75  6:47  Roach  
  75  6:48  Roach x3  
  81  6:54  Overlord  
  81  6:57  Overlord x2  
  81  6:59  Overlord  
  78  7:03  Overlord  
  78  7:06  Glial Reconstitution  
  78  7:07  Hatchery  
  75  7:09  Roach x2  
  78  7:18  Drone x2  
  78  7:19  Drone x4  
  82  7:32  Drone x2  
  84  7:39  Zerg Missile Weapons Level 2  
  84  7:44  Roach  
  84  7:45  Roach x3  
  84  7:50  Extractor  
  91  7:56  Roach  
  97  7:58  Roach x5  
  103  8:07  Roach  
  103  8:08  Roach  
  107  8:15  Roach  
  107  8:16  Roach x5  
  118  8:27  Roach x2  
  118  8:33  Tunneling Claws  
  121  8:36  Extractor  
  121  8:39  Burrow  
  120  8:43  Hatchery  
  120  8:46  Roach x2  
  123  8:48  Overlord  
  123  9:08  Roach  
  123  9:09  Overlord, Roach x3  
  131  9:15  Overlord  
  131  9:26  Overlord  
  131  9:29  Roach x4  
  139  9:39  Roach x4  
  147  9:52  Roach x4  
  155  9:53  Overlord  
  155  10:02  Roach x3  
  155  10:07  Roach x5  
  155  10:08  Roach x2  
  155  10:09  Roach x3  
  155  10:10  Overlord x2  
  161  10:15  Overlord, Ravager  
  161  10:16  Ravager  
  161  10:17  Roach  
  167  10:21  Roach  
  167  10:22  Roach x30  
  167  10:26  Roach  
  167  10:27  Roach x29  
  169  10:30  Roach x2  
  165  10:39  Roach x2  
  161  10:43  Roach x2  
  161  10:45  Roach x4  
Show
View Real Time Build Order
Export as new Build Order

Bioice Zerg 

Build Orders: Hatch First, Zergling Baneling 

Get SALT Encoding   

  12  0:01  Drone  
  13  0:13  Overlord  
  13  0:17  Drone  
  14  0:31  Drone x2  
  16  0:48  Hatchery  
  15  0:51  Drone  
  15  0:55  Drone  
  17  0:58  Drone  
  18  1:06  Extractor  
  17  1:14  Spawning Pool  
  17  1:17  Drone  
  17  1:20  Drone  
  18  1:28  Drone  
  19  1:39  Drone  
  20  1:49  Overlord  
  20  2:00  Queen  
  22  2:01  Queen  
  22  2:02  Zergling x4  
  22  2:06  Metabolic Boost  
  26  2:11  Drone  
  26  2:13  Drone  
  28  2:24  Drone x2  
  30  2:33  Zergling x4  
  30  2:35  Baneling Nest  
  31  2:44  Zergling x4  
  33  2:57  Overlord  
  33  3:00  Drone  
  33  3:04  Hatchery  
  33  3:06  Drone x2  
  33  3:11  Overlord  
  34  3:17  Zergling x6  
  36  3:27  Zergling x8  
  36  3:30  Baneling  
  36  3:31  Zergling x2  
  41  3:35  Baneling x2  
  40  3:43  Zergling x8  
  40  3:47  Zergling x4  
  45  3:53  Zergling x4  
  47  3:58  Zergling x4  
  48  4:03  Drone  
  48  4:05  Drone  
  48  4:09  Drone  
  50  4:16  Queen  
  52  4:19  Drone  
  52  4:20  Drone x2  
  52  4:33  Zergling x6  
  52  4:37  Zergling x8  
  51  4:42  Drone  
  51  4:44  Drone, Zergling x2  
  49  4:47  Zergling x4  
  49  4:51  Roach Warren, Extractor  
  49  4:52  Baneling x2  
  47  4:56  Baneling x2  
  47  4:57  Baneling  
  47  4:58  Zergling x2  
  48  5:06  Zergling x4  
  48  5:07  Zergling x4  
  52  5:09  Baneling  
  52  5:17  Zergling x2  
  52  5:25  Baneling x3  
  52  5:26  Zergling x12  
  57  5:34  Overlord x2, Extractor  
  56  5:40  Drone  
  57  5:57  Drone x3  
  57  5:58  Drone x2  
  57  5:59  Drone  
  57  6:00  Drone x3  
  57  6:02  Drone x3  
  57  6:03  Drone  
  69  6:07  Drone  
  69  6:10  Drone x3  
  72  6:13  Drone  
  73  6:19  Evolution Chamber  
  73  6:23  Overlord  
  72  6:25  Drone  
  72  6:27  Overlord  
  73  6:33  Zergling x2  
  73  6:41  Overlord x2  
  73  6:42  Roach x4  
  73  6:46  Roach  
  82  6:55  Drone  
  82  6:56  Drone  
  82  6:57  Drone x2  
  82  7:00  Drone  
  87  7:02  Drone  
  87  7:06  Drone  
  89  7:16  Zergling x6  
  89  7:19  Baneling x4  
  89  7:20  Baneling  
  92  7:24  Zergling x2  
  92  7:25  Roach  
  95  7:33  Zerg Missile Weapons Level 1  
  95  7:39  Roach  
  95  7:40  Zergling x2  
  95  7:43  Lair  
  98  7:46  Overlord  
  98  7:49  Evolution Chamber  
  97  7:54  Roach  
  97  7:58  Roach  
  98  7:59  Overlord x2  
  98  8:13  Roach x4  
  98  8:18  Overlord x2  
  98  8:19  Zerg Ground Armor Level 1  
  106  8:22  Roach x3  
  106  8:23  Roach x5  
  115  8:29  Roach  
  115  8:35  Overlord  
  115  8:38  Overlord  
  115  8:42  Extractor  
  115  8:47  Roach x3  
  115  8:48  Roach  
  122  8:56  Hatchery  
  121  9:04  Roach x2  
  121  9:06  Glial Reconstitution  
  121  9:08  Roach x2  
  129  9:15  Roach x3  
  133  9:20  Roach  
  133  9:21  Roach  
  133  9:23  Extractor  
  136  9:35  Roach  
  136  9:39  Roach  
  136  9:43  Roach x2  
  142  9:47  Roach x2  
  142  9:49  Roach  
  142  9:52  Roach  
  145  9:55  Roach  
  146  10:01  Overlord x2  
  146  10:09  Queen  
  146  10:11  Roach  
  150  10:14  Roach  
  150  10:17  Overlord  
  150  10:20  Roach  
  133  10:40  Roach x4  
  130  10:43  Roach  
  130  10:47  Overseer  
Tags
 
Add a new tag
Caveats
  • Supply blocks, unpowered buildings, or Contaminate may cause inaccurate times.
  • Supply counts are checked every 10 seconds.